 Dungeon Crawl Stone Soup version 0.31-a0-216-g22e908daa7 (webtiles) character file.

Game seed: 7333950622731781709

795 qw the Blocker (level 7, -1/49 HPs)
             Began as a Gargoyle Fighter on July 2, 2023.
             Was an Initiate of Okawaru.
             Slain by an orc
             ... wielding a +0 flail
              (7 damage)
             ... on level 5 of the Dungeon.
             The game lasted 00:01:23 (2778 turns).

qw the Blocker (Gargoyle Fighter)                   Turns: 2778, Time: 00:01:23

Health: -1/49      AC:  9    Str: 26    XL:     7   Next: 89%
Magic:  7/7        EV:  6    Int:  7    God:    Okawaru [......]
Gold:   128        SH:  0    Dex:  8    Spells: 6/6 levels left

rFire   . . .        Y - +1 war axe
rCold   . . .        h - +0 tower shield
rNeg    + . .        i - +0 chain mail
rPois   inf          (no helmet)
rElec   +            (no cloak)
rCorr   .            (no gloves)
SInv    .            (no boots)
Will    .....        (no amulet) Stlth
                     (no ring)
HPRegen 0.28/turn    (no ring)
MPRegen 0.10/turn

%: no passive effects
@: confused, corroded
A: sickness immunity, AC +4, negative energy resistance 1, electricity
resistance, torment resistance 1, petrification resistance, camouflage 1, robust
2, strong 1
a: Renounce Religion


You were on level 5 of the Dungeon.
You worshipped Okawaru.
Okawaru was noncommittal.
You visited 2 branches of the dungeon, and saw 6 of its levels.

You collected 233 gold pieces.
You spent 105 gold pieces at shops.


Innate Abilities, Weirdness & Mutations

You are immune to sickness and miasma.
Your stone body is resilient. (AC +4)
You are immune to poison.
You resist negative energy. (rN+)
You are resistant to electric shocks. (rElec)
You are resistant to unholy torment.
You are immune to petrification.
Your skin changes colour to match your surroundings (Stealth+).
You are very robust. (+20% HP)
Your muscles are strong. (Str +4, Int/Dex -1)


   Skills:
 - Level 3.2 Fighting
 - Level 5.0 Axes
 - Level 3.2 Armour
 + Level 8.1 Shields


You had 6 spell levels left.
You didn't know any spells.
Your spell library was empty.

Inventory:

Hand Weapons
 p - a +1 flail of protection
 Y - a +1 war axe (weapon)
Armour
 b - a +0 helmet
 h - a +0 tower shield (worn)
 i - a +0 chain mail (worn)
 n - a +2 helmet
Scrolls
 f - a scroll of identify
 m - a scroll of enchant armour
Potions
 a - a potion of lignification
 c - 2 potions of attraction
 d - 2 potions of might
 e - a potion of mutation
 g - a potion of resistance
 j - a potion of invisibility {unknown}
 k - a potion of haste {unknown}
 q - a potion of degeneration {unknown}

Dungeon Overview and Level Annotations

Branches:
Dungeon (6/15)             Temple (1/1) D:6

Altars:
Ashenzari
Cheibriados
Dithmenos
Elyvilon
Fedhas
Gozag
Hepliaklqana
Kikubaaqudgha
Nemelex Xobeh
Okawaru
Qazlal
Ru
Trog
Uskayaw
Vehumet
Wu Jian
Xom
Yredelemnul
Zin
The Shining One

Shops:
D:3 ?


Message History

You barely miss something. You block something's attack.
The orc wizard points at you and mumbles some strange words.
The magic dart hits you.
You barely miss the orc wizard.
The orc wizard is lightly wounded.
You hit something. Okawaru accepts your kill.
Reactivating autopickup.
You feel a bit more experienced.
The orc wizard hits you but does no damage.
An orc wizard comes into view. It is wielding a +0 dagger.
You block the orc's attack. You block the orc wizard's attack.
Your Axes skill increases to level 5!
You slash the orc wizard!
The orc wizard is severely wounded.
You closely miss the orc.
The orc wizard hits you with a +0 dagger.
The orc hits you with a +0 flail.
You slash the orc wizard!
You kill the orc wizard!
Okawaru accepts your kill.
You barely miss the orc. You block the orc's attack.
You block the jelly's attack.
You slash the jelly! The acid corrodes you!
Your hands burn!
The jelly is severely wounded.
You barely miss the orc. The jelly hits you.
You are splashed with acid.
You block the orc's attack.
You hit the jelly but do no damage.
Your hands burn!
The jelly is severely wounded.
You hit the orc. You miss the orc wizard. You block the jelly's attack.
The orc wizard casts a spell at you.
You are confused.
The orc barely misses you. The orc hits you with a +0 flail.
The jelly barely misses you.
The orc wizard hits you with a +0 dagger.
The orc wizard closely misses you. The jelly hits you but does no damage.
The orc hits you with a +0 flail!
You die...

## .. . ..# #.#.# #
###. ##.#..## .# ...
###......###..#
#..##.#..#.#.......
.
#..#.......#J......
#.##...)......@o#
#...........#.o##
..............##
##.......###..##
#.#####.###...##..#
#.##................
.......>##..########
............#
#.##.##.....#


You could see a jelly, an orc wizard and an orc.

Vanquished Creatures
  Grinder (D:3)
  Edmund (D:6)
  An ogre (D:6)
  A scorpion (D:6)
  A jelly (D:6)
  An orc priest (D:6)
  2 sleepcaps
  Natasha (D:3)
  3 orc wizards
  Robin (D:2)
  6 adders
  3 worms
  A dart slug (D:1)
  9 orcs
  2 bats (D:2)
  3 endoplasms
  3 giant cockroaches
  10 goblins
  5 hobgoblins
  5 kobolds
  6 ball pythons
  A frilled lizard (D:2)
  A rat (D:3)
68 creatures vanquished.

Notes
Turn   | Place    | Note
-------+----------+-------------------------------------------
     0 | D:1      | qw the Gargoyle Fighter began the quest for the Orb.
     0 | D:1      | Reached XP level 1. HP: 14/14 MP: 1/1
     0 | D:1      | 0 ||| qw: Version: 0.3-a-35-g05ef00e
     0 | D:1      | 0 ||| qw: Game counter: 7822
     0 | D:1      | 0 ||| qw: Melee chars always use a shield: true
     0 | D:1      | 0 ||| qw: God list: Okawaru
     0 | D:1      | 0 ||| qw: Allow faded altars: false
     0 | D:1      | 0 ||| qw: Do Orc after clearing Dungeon:15 true
     0 | D:1      | 0 ||| qw: Do second Lair branch before Depths: true
     0 | D:1      | 0 ||| qw: Lair rune preference: random
     0 | D:1      | 0 ||| qw: Goals: Normal, Zot:1-4, Slime:5, God:TSO, Crypt,
                  | Tomb, Abyss, Pan, Hells, Win
     0 | D:1      | 0 ||| PLANNING D:1-11
   108 | D:1      | Found a faded altar of an unknown god.
   143 | D:1      | 143 ||| Stepping ~*~*~tactically~*~*~ (hiding).
   150 | D:1      | 150 ||| Stepping ~*~*~tactically~*~*~ (hiding).
   152 | D:1      | 152 ||| Stepping ~*~*~tactically~*~*~ (hiding).
   153 | D:1      | 153 ||| Stepping ~*~*~tactically~*~*~ (hiding).
   300 | D:1      | Reached XP level 2. HP: 19/19 MP: 2/2
   493 | D:1      | 493 ||| UPGRADING to +0 tower shield.
   503 | D:1      | 503 ||| DROPPING +0 buckler.
   504 | D:1      | 504 ||| UPGRADING to +0 chain mail.
   514 | D:1      | 514 ||| DROPPING +0 scale mail.
   515 | D:1      | 515 ||| READING scroll labelled BATESMAEJEO.
   531 | D:2      | Noticed Robin
   538 | D:2      | 538 ||| STAIRDANCE
   543 | D:1      | HP: 3/19 [goblin/+0 club[Robin] (5)]
   614 | D:2      | Reached XP level 3. HP: 23/23 MP: 3/3
   619 | D:2      | Killed Robin
   620 | D:2      | Reached skill level 4 in Shields
   621 | D:2      | 621 ||| STAIRDANCE
   763 | D:2      | 763 ||| DROPPING +0 club.
   775 | D:2      | Reached XP level 4. HP: 28/28 MP: 4/4
  1001 | D:2      | Reached skill level 5 in Shields
  1289 | D:2      | 1289 ||| READING scroll labelled ZIUDWI WAYPNELARO.
  1290 | D:2      | 1290 ||| DRINKING 3 fizzy pink potions.
  1291 | D:2      | 1291 ||| DRINKING 2 fuming emerald potions.
  1291 | D:2      | Gained mutation: You have hidden genetic potential. [potion
                  | of mutation]
  1291 | D:2      | Gained mutation: Your skin changes colour to match your
                  | surroundings (Stealth+). [potion of mutation]
  1291 | D:2      | Gained mutation: You are robust. (+10% HP) [potion of
                  | mutation]
  1297 | D:2      | 1297 ||| DRINKING 2 purple potions.
  1360 | D:3      | Reached skill level 3 in Axes
  1388 | D:3      | Noticed Grinder
  1399 | D:3      | Paralysed by Grinder for 4 turns
  1404 | D:3      | 1404 ||| FLEEEEING.
  1405 | D:3      | 1405 ||| FLEEEEING.
  1406 | D:3      | 1406 ||| FLEEEEING.
  1407 | D:3      | 1407 ||| FLEEEEING.
  1408 | D:3      | 1408 ||| FLEEEEING.
  1409 | D:3      | 1409 ||| FLEEEEING.
  1410 | D:3      | 1410 ||| FLEEEEING.
  1411 | D:3      | 1411 ||| FLEEEEING.
  1412 | D:3      | 1412 ||| FLEEEEING.
  1431 | D:3      | Paralysed by Grinder for 2 turns
  1433 | D:3      | Killed Grinder
  1434 | D:3      | Reached skill level 7 in Shields
  1434 | D:3      | Reached XP level 5. HP: 11/35 MP: 5/5
  1434 | D:3      | Reached XP level 6. HP: 13/40 MP: 6/6
  1447 | D:3      | Gained mutation: You are very robust. (+20% HP) [hidden
                  | potential]
  1554 | D:3      | Found Zyf Giami's Magic Scroll Shoppe.
  1563 | D:3      | 1563 ||| BUYING scroll of enchant armour (105 gold).
  1563 | D:3      | Bought a scroll of enchant armour for 105 gold pieces
  1563 | D:3      | 1563 ||| SHOPLISTING scroll of identify (28 gold, have 27).
  1563 | D:3      | 1563 ||| SHOPLISTING scroll of teleportation (42 gold, have
                  | 27).
  1634 | D:3      | 1634 ||| Stepping ~*~*~tactically~*~*~ (hiding).
  1714 | D:3      | 1714 ||| DROPPING +0 whip.
  2018 | D:3      | Found Pyoras's Armour Boutique.
  2027 | D:3      | Noticed Natasha
  2028 | D:3      | 2028 ||| Stepping ~*~*~tactically~*~*~ (hiding).
  2041 | D:3      | Killed Natasha
  2064 | D:3      | You fall into a shaft and drop 3 floors!
  2155 | D:6      | Reached XP level 7. HP: 45/49 MP: 7/7
  2171 | D:6      | Gained mutation: Your muscles are strong. (Str +4, Int/Dex
                  | -1) [hidden potential]
  2171 | D:6      | Lost mutation: You have hidden genetic potential. [hidden
                  | potential expressed]
  2316 | D:6      | Noticed Edmund
  2336 | D:6      | Killed Edmund
  2439 | D:6      | 2439 ||| DROPPING +3 whip.
  2454 | D:6      | 2454 ||| READING scroll labelled TITANI FICUTY.
  2455 | D:6      | 2455 ||| READING scroll labelled GESHRE APREZEYM.
  2471 | D:6      | 2471 ||| READING scroll labelled CAYNERH AQ NIPNY.
  2472 | D:6      | 2472 ||| Stepping randomly (stuck).
  2473 | D:6      | 2473 ||| Stepping ~*~*~tactically~*~*~ (stealth).
  2473 | D:6      | Found a staircase to the Ecumenical Temple.
  2474 | D:6      | 2474 ||| PLANNING TEMPLE
  2478 | D:6      | Reached skill level 8 in Shields
  2489 | D:6      | 2489 ||| Stepping ~*~*~tactically~*~*~ (stealth).
  2512 | D:6      | 2512 ||| Stepping ~*~*~tactically~*~*~ (stealth).
  2537 | D:6      | 2537 ||| READING scroll labelled PEGGAOSHIU.
  2538 | D:6      | 2538 ||| READING 2 scrolls of identify.
  2538 | D:6      | 2538 ||| IDENTIFYING fizzy brown potion
  2544 | Temple   | Entered the Ecumenical Temple
  2616 | Temple   | 2616 ||| PLANNING OKAWARU WORSHIP
  2716 | Temple   | Became a worshipper of Warmaster Okawaru
  2717 | Temple   | 2717 ||| PLANNING D:1-11
  2733 | D:5      | Entered Level 5 of the Dungeon
  2777 | D:5      | HP: 12/49 [acid (5)]
  2778 | D:5      | Slain by an orc

Levels and vault maps discovered:
D:1:      ncdulo_smallfort, layout_rooms, shapermc_ecumenical_altar_rom_forum
D:2:      layout_basic, minmay_pentomino_x2, uniq_robin
D:3:      layout_basic, serial_shops, nicolae_shop_tiny_statue_garden, shop,
          shop_fountains, amcnicky_mini_pool_small, minmay_misc_feat_encased,
          minmay_randomly_rotated_circles, uniq_natasha, uniq_grinder,
          uniq_crazy_yiuf_cottage, uniq_ijyb
D:5:      layout_loops_ring, palyth_stone_intersect, item_on_display_a
D:6:      layout_loops_ring, mainiacjoe_overflow_divided_tiny,
          minmay_temple_entry_mini_moons, nicolae_shop_fire_sale
          [nicolae_sub_dead_trees], uniq_sigmund, uniq_edmund, uniq_menkaure
Temple:   nicolae_temple_bog_church

Skill      XL: |  1  2  3  4  5  6  7 |
---------------+----------------------+-----
Axes           | 2 3 4 5 |  5.0
Shields        | 4 7 8 |  8.1
Fighting       | |  3.2
Armour         | |  3.2

Action                     |  1- 3 |  4- 6 |  7- 9 || total
---------------------------+-------+-------+-------++-------
  Melee: War axe           |    61 |   104 |    67 ||   232
  Throw: Boomerang         |    11 |    29 |       ||    40
    Use: Scroll            |     1 |     1 |     5 ||     7
         Potion            |       |     3 |       ||     3
 Armour: Scale mail        |    13 |       |       ||    13
         Chain mail        |    35 |    75 |    31 ||   141
  Dodge: Dodged            |    20 |    21 |    13 ||    54
  Block: Buckler           |     4 |       |       ||     4
         Tower shield      |    34 |    88 |    52 ||   174

Table legend:
 A = Non-vault XP
 B = Vault XP
 C = Vault XP percentage of total XP
 D = Non-vault monster count
 E = Vault monster count
 F = Vault count percentage of total count
                 A         B        C        D         E       F
            +---------+---------+-------+---------+---------+-------
      Total |     554 |     583 |  51.3 |      43 |      25 |  36.8
            +---------+---------+-------+---------+---------+-------
        D:1 |      17 |       6 |  26.1 |       8 |       3 |  27.3
        D:2 |      72 |      31 |  30.1 |      13 |       9 |  40.9
        D:3 |      23 |     384 |  94.3 |       6 |      12 |  66.7
        D:5 |     105 |       0 |   0.0 |       4 |       0 |   0.0
        D:6 |     337 |     162 |  32.5 |      12 |       1 |   7.7
            +---------+---------+-------+---------+---------+-------
